Map: [ESL] NeoHumanity

Players

Bly - Winner!

  • Race: Zerg Zerg
  • Spawn Location: 5:00

Milkicow

  • Race: Terran Terran
  • Spawn Location: 11:00

Event: ESL SC2 Masters 2023 Summer (Regionals)

VOD

Have the link to the VOD?

Description

Time

  • Played on: May 9, 2023, 12:28 p.m.
  • Length: 7:43

All games in this series

Show
View Real Time Build Order
Export as new Build Order

Bly Zerg - Winner!

Build Orders: Hatch First, Roach Nydus 

Get SALT Encoding   

  12  0:00  Drone  
  13  0:12  Overlord  
  13  0:16  Drone  
  14  0:30  Drone x2  
  16  0:47  Hatchery  
  15  0:51  Drone  
  15  0:53  Drone  
  15  0:57  Drone  
  18  1:07  Extractor  
  17  1:13  Spawning Pool  
  17  1:15  Drone  
  17  1:19  Drone  
  18  1:27  Drone  
  19  1:38  Drone  
  20  1:50  Overlord  
  20  2:01  Queen x2  
  20  2:02  Zergling x4  
  20  2:07  Roach Warren  
  25  2:10  Drone  
  25  2:12  Drone  
  27  2:21  Drone x2  
  29  2:31  Overlord  
  29  2:42  Extractor  
  28  2:49  Roach x3  
  34  2:58  Roach x2  
  37  3:10  Roach x3  
  42  3:14  Overlord  
  42  3:23  Overlord  
  42  3:29  Ravager  
  43  3:36  Ravager  
  43  3:38  Drone x5  
  49  3:46  Overlord  
  49  3:49  Drone x4  
  49  3:50  Drone  
  49  3:52  Ravager  
  55  4:10  Overlord  
  55  4:13  Ravager  
  54  4:25  Drone  
  54  4:26  Drone x9  
  54  4:30  Drone  
  63  4:32  Lair  
  63  4:35  Extractor x2  
  52  4:52  Drone x4  
  49  4:56  Queen, Spore Crawler  
  49  4:58  Spore Crawler  
  49  5:03  Metabolic Boost  
  49  5:05  Drone x4  
  53  5:12  Overlord  
  53  5:17  Overlord  
  53  5:19  Drone  
  54  5:32  Queen  
  54  5:33  Nydus Network  
  55  5:36  Overseer  
  55  5:40  Glial Reconstitution  
  55  5:41  Overlord, Drone  
  55  5:44  Spore Crawler  
  55  5:49  Roach x8  
  71  5:52  Overseer  
  71  5:59  Roach  
  71  6:00  Roach x2  
  77  6:07  Queen x2  
  80  6:12  Nydus Canal  
  79  6:19  Overseer  
  79  6:20  Roach x4  
  87  6:36  Nydus Canal  
  87  6:38  Roach x2  
  91  6:49  Overlord x3  
  91  6:54  Nydus Canal  
  91  6:59  Overseer  
  91  7:00  Ravager  
  91  7:01  Hatchery  
  91  7:08  Nydus Canal  
  91  7:13  Ravager x3  
  94  7:17  Overseer  
  88  7:24  Drone x5  
  88  7:28  Ravager  
  88  7:29  Ravager  
Show
View Real Time Build Order
Export as new Build Order

Milkicow Terran 

Build Orders: Command Center First 

Get SALT Encoding   

  12  0:00  SCV  
  13  0:12  SCV  
  14  0:17  Supply Depot  
  14  0:25  SCV  
  15  0:38  SCV  
  16  0:51  SCV  
  17  0:58  Command Center  
  17  1:03  SCV  
  18  1:12  Barracks  
  18  1:16  SCV  
  19  1:23  Refinery  
  19  1:28  SCV  
  19  1:29  Refinery  
  20  1:40  SCV  
  21  1:52  SCV  
  22  2:03  Marine  
  22  2:04  Orbital Command  
  23  2:11  Orbital Command  
  23  2:16  Factory  
  23  2:22  Barracks Reactor  
  23  2:30  SCV  
  24  2:38  SCV  
  24  2:42  SCV  
  26  2:50  SCV  
  27  2:54  SCV  
  28  3:01  Starport  
  28  3:02  SCV  
  29  3:09  SCV  
  29  3:11  Hellion  
  29  3:12  Hellion  
  33  3:13  Marine  
  33  3:16  SCV  
  33  3:17  Supply Depot  
  33  3:19  Bunker  
  35  3:23  SCV  
  36  3:28  SCV  
  37  3:35  SCV  
  37  3:38  Starport Tech Lab  
  37  3:40  SCV  
  39  3:42  Barracks Tech Lab  
  39  3:45  Command Center  
  39  3:50  Widow Mine, Marine  
  45  3:57  Banshee  
  45  4:00  Widow Mine  
  45  4:02  SCV  
  46  4:09  Cloaking Field  
  46  4:16  SCV  
  40  4:28  SCV x2  
  33  4:36  Barracks Tech Lab  
  23  4:41  SCV x2  
  17  4:53  SCV  
  17  4:56  SCV  
  22  5:03  Orbital Command  
  22  5:06  SCV  
  23  5:10  SCV  
  24  5:17  Stimpack  
  24  5:19  SCV  
  25  5:22  SCV  
  25  5:27  Barracks  
  26  5:29  SCV  
  26  5:32  Factory Reactor  
  26  5:35  SCV  
  28  5:38  SCV  
  28  5:41  Barracks  
  28  5:42  SCV  
  27  5:47  SCV  
  27  5:49  Marine  
  29  5:50  Starport Reactor  
  29  5:51  SCV  
  29  5:54  SCV  
  31  5:59  SCV  
  31  6:03  SCV  
  33  6:05  Engineering Bay  
  33  6:06  SCV  
  33  6:07  Marine  
  35  6:11  SCV  
  35  6:15  SCV  
  35  6:18  SCV  
  38  6:19  Bunker  
  38  6:21  Bunker, Siege Tank  
  38  6:22  Marine x2  
  43  6:25  SCV  
  43  6:27  SCV, Marine  
  43  6:29  Marine  
  43  6:30  SCV  
  48  6:37  SCV  
  48  6:39  SCV  
  48  6:40  Marine x2  
  48  6:42  SCV  
  48  6:45  Marine  
  52  6:47  Marine  
  53  6:58  SCV, Marine  
  53  6:59  Supply Depot  
  53  7:02  Marine, Siege Tank, SCV  
  58  7:16  Supply Depot  
  57  7:25  Supply Depot  
  57  7:36  Supply Depot  
Tags
 
Add a new tag
Caveats
  • Supply blocks, unpowered buildings, or Contaminate may cause inaccurate times.
  • Supply counts are checked every 10 seconds.